 Dungeon Crawl Stone Soup version 0.21.1-1-g345015f (webtiles) character file.

108 inc the Cudgeler (level 4, 0/35 HPs)
             Began as a Demonspawn Monk on June 13, 2018.
             Killed from afar by an orc wizard (7 damage)
             ... with a magic dart
             ... on level 3 of the Dungeon.
             The game lasted 00:02:38 (2384 turns).

inc the Cudgeler (Demonspawn Monk)                  Turns: 2384, Time: 00:02:38

Health: 0/35       AC:  7    Str: 12    XL:     4   Next: 58%
Magic:  4/4        EV: 11    Int: 12    God:
Gold:   68         SH:  0    Dex: 15    Spells: 3/3 levels left

rFire    . . .     SeeInvis .     - Unarmed
rCold    + . .     Gourm    .   (no shield)
rNeg     . . .     Faith    .   f - +0 ring mail
rPois    +         Spirit   .   (no helmet)
rElec    .         Reflect  .   (no cloak)
rCorr    .         Harm     .   (no gloves)
MR       .....                  (no boots)
Stlth    +.........             (no amulet)
HPRegen  0.11/turn              n - ring of poison resistance
MPRegen  0.09/turn              m - ring of protection from cold

@: slowed, very slow
A: claws 2, icy blue scales 1
a: no special abilities


You were on level 3 of the Dungeon.
You were not hungry.

You visited 1 branch of the dungeon, and saw 3 of its levels.

You collected 68 gold pieces.

Inventory:

Hand Weapons
 a - a +0 mace
Armour
 b - a +0 robe
 f - a +0 ring mail (worn)
Jewellery
 h - an uncursed ring of protection from fire
 m - a ring of protection from cold (right claw)
 n - a ring of poison resistance (left claw)
Scrolls
 d - 4 scrolls of amnesia {unknown}
 j - a scroll of remove curse {unknown}
 k - a scroll of fear {unknown}
 l - 2 scrolls of fog {unknown}
Potions
 e - 2 potions of curing {unknown}
 g - 3 potions of flight {unknown}
 i - 2 potions of degeneration {unknown}
Comestibles
 c - 5 rations
 o - 2 chunks of flesh


   Skills:
 - Level 3.0 Fighting
 - Level 3.3 Maces & Flails
 - Level 2.6 Dodging
 - Level 1.7 Stealth
 + Level 3.3 Unarmed Combat


You had 3 spell levels left.
You didn't know any spells.

Dungeon Overview and Level Annotations

Branches:
Dungeon (3/15)

Altars:
Hepliaklqana
Nemelex Xobeh
Xom


Innate Abilities, Weirdness & Mutations

You have very sharp fingernails.
You are partially covered in icy blue scales. (AC +2)


Message History

The orc wizard mumbles some strange words.
The orc wizard seems to speed up.
The orc hits you with a whip.
You barely miss the orc wizard.
The orc wizard hits you but does no damage.
The orc wizard misses you. The orc barely misses you.
You closely miss the orc wizard.
The orc wizard hits you but does no damage.
The orc hits you with a whip.
The orc wizard hits you but does no damage.
The orc closely misses you.
You barely miss the orc wizard. The orc wizard casts a spell at you.
You resist with some effort. The orc wizard casts a spell at you.
The magic dart hits you! The orc hits you with a whip.
* * * LOW HITPOINT WARNING * * *
You scratch the orc wizard but do no damage.
The orc wizard casts a spell at you. The magic dart hits you!
You die...

#........ # # #...#
#.# .# # #.# #(..# #.#
..#.#
#.###.(.###.##.....
#.......).).......#
#.........).....#
##.....#####.##### .
#.......####)#####....
#....[...##..o@oo.....
#<.......##).#####....
###...##.......... .
#...#####..##### ##.##
#..# #.# #..# #.# #...
#.# #.### #.# .#


You could see an orc wizard and 2 orcs.

Vanquished Creatures
  5 adders (D:2)
  An ooze (D:1)
  A worm (D:3)
  A dart slug (D:2)
  2 leopard geckos
  4 orcs (D:3)
  7 bats
  2 goblins (D:2)
  10 hobgoblins
  A quokka (D:2)
  3 frilled lizards
  7 kobolds
  3 rats
47 creatures vanquished.

Notes
Turn   | Place    | Note
-------+----------+-------------------------------------------
     0 | D:1      | inc the Demonspawn Monk began the quest for the Orb.
     0 | D:1      | Reached XP level 1. HP: 18/18 MP: 1/1
   184 | D:1      | Gained mutation: You have sharp fingernails. [demonic ancestry]
   184 | D:1      | Reached XP level 2. HP: 15/24 MP: 2/2
   472 | D:1      | Reached skill level 1 in Unarmed Combat
   687 | D:1      | Gained mutation: You have very sharp fingernails. [demonic ancestry]
   687 | D:1      | Reached XP level 3. HP: 29/29 MP: 3/3
   748 | D:2      | Found a shimmering altar of Xom.
   753 | D:2      | Found a hazy altar of Hepliaklqana.
   753 | D:2      | Noticed a hell beast
   754 | D:2      | Noticed a spectral ugly thing
   754 | D:2      | Noticed a hell beast
   827 | D:2      | Found a sparkling altar of Nemelex Xobeh.
  1628 | D:2      | Gained mutation: You are partially covered in icy blue scales. (AC +2) [demonic ancestry]
  1628 | D:2      | Reached XP level 4. HP: 33/35 MP: 4/4
  2384 | D:3      | Killed from afar by an orc wizard

Skill      XL: |  1  2  3  4 |
---------------+-------------+-----
Maces & Flails | 3 |  3.3
Unarmed Combat | 1 2 3 |  3.3
Fighting       | |  3.0
Dodging        | |  2.6
Stealth        | |  1.7

Action                   |  1- 3 |  4- 6 || total
-------------------------+-------+-------++-------
Melee: Mace              |   112 |       ||   112
       Unarmed           |    12 |    63 ||    75
       Punch             |       |     1 ||     1
 Stab: Sleeping          |     2 |       ||     2
  Eat: Chunk             |     2 |     3 ||     5
Armor: Ring mail         |    58 |    23 ||    81
       Robe              |     5 |       ||     5
Dodge: Dodged            |   103 |    31 ||   134
